 Dungeon Crawl Stone Soup version 0.23-a0-8-gb809bb70e4 (webtiles) character file.

7 Lemiesh the Sneak (level 1, 0/9 HPs)
             Began as a Spriggan Enchanter on Aug 1, 2018.
             Slain by a hobgoblin
             ... wielding a cursed +0 club
              (4 damage)
             ... on level 1 of the Dungeon.
             The game lasted 00:01:27 (618 turns).

Lemiesh the Sneak (Spriggan Enchanter)               Turns: 618, Time: 00:01:27

Health: 0/9        AC:  2    Str:  4    XL:     1   Next: 83%
Magic:  3/5        EV: 18    Int: 16    God:
Gold:   19         SH:  0    Dex: 16    Spells: 5/6 levels left

rFire    . . .     SeeInvis +   a - +1 dagger
rCold    . . .     Gourm    .   (shield restricted)
rNeg     . . .     Faith    .   b - +0 robe
rPois    .         Spirit   .   (helmet restricted)
rElec    .         Reflect  .   (no cloak)
rCorr    .         Harm     .   (gloves unavailable)
MR       .....                  (boots unavailable)
Stlth    +++.......             (no amulet)
HPRegen  0.03/turn              (no ring)
MPRegen  0.09/turn              (no ring)

@: very quick
A: very small, unfitting armour, see invisible, herbivore, speed 3, slow
metabolism 2
a: no special abilities


You were on level 1 of the Dungeon.
You were not hungry.

You visited 1 branch of the dungeon, and saw 1 of its levels.

You collected 19 gold pieces.

Inventory:

Hand Weapons
 a - a +1 dagger (weapon)
Armour
 b - a +0 robe (worn)
Potions
 c - a potion of flight {unknown}
Comestibles
 d - a ration


   Skills:
 - Level 1.1 Short Blades
 - Level 3.0 Dodging
 - Level 4.4 Stealth
 + Level 3.1 Spellcasting
 + Level 3.9 Hexes


You had 5 spell levels left.
You knew the following spells:

 Your Spells              Type           Power        Failure   Level  Hunger
a - Corona                Hex            ###....      3%          1    #......

Your spell library contained the following spells:

 Spells                   Type           Power        Failure   Level  Hunger
 Confuse                  Hex            ###.....     11%         3    ###....
 Tukima's Dance           Hex            ###.....     11%         3    ###....
 Ensorcelled Hibernation  Hex/Ice        #.....       12%         2    ##.....
 Dazzling Spray           Conj/Hex       #.....       24%         3    ###....


Dungeon Overview and Level Annotations

Branches:
Dungeon (1/15)

Altars:


Innate Abilities, Weirdness & Mutations

You are very small and have problems with some larger weapons.
You are too small for most types of armour.
You have supernaturally acute eyesight. (SInv)
You are a herbivore.
You cover ground extremely quickly.
You need to consume almost no food.


Message History

You barely miss the hobgoblin.
The hobgoblin is almost dead.
The hobgoblin hits you with a club.
You hit the hobgoblin but do no damage.
The hobgoblin is almost dead.
The hobgoblin hits you with a club.
You are too injured to fight recklessly!
You are too injured to fight recklessly!
You are too injured to fight recklessly!
You are too injured to fight recklessly!
Casting: Corona (safe; 3% risk of failure)
Confirm with . or Enter, or press ? or * to list all spells.
Aiming: Corona (safe; 3% risk of failure)
Press: ? - help, Shift-Dir - straight line, f/p - hobgoblin
Aim: a hobgoblin, wielding a club (almost dead, chance to defeat MR: 69%)
The hobgoblin is outlined in light.
You hit the hobgoblin but do no damage.
The hobgoblin is almost dead.
The hobgoblin hits you with a club.
You die...

####### .......
....... .......
....... .......
.......#########
...........g@[.#
...............#
...............#
...............#
....##.......[.#
.... #.........#
#.. #.........#
.. ####....####
##≈≈≈≈≈≈.
#.......#
##≈≈≈≈≈≈.≈


You could see a hobgoblin.

Vanquished Creatures
  A giant cockroach (D:1)
  2 goblins (D:1)
  A hobgoblin (D:1)
  A bat (D:1)
  A kobold (D:1)
6 creatures vanquished.

Notes
Turn   | Place    | Note
-------+----------+-------------------------------------------
     0 | D:1      | Lemiesh the Spriggan Enchanter began the quest for the Orb.
     0 | D:1      | Reached XP level 1. HP: 9/9 MP: 5/5
   618 | D:1      | Slain by a hobgoblin

Vault maps used:
D:1:      nzn_arrival_water_spiral

Skill      XL: |  1 |
---------------+----+-----
Spellcasting   | 3 |  3.1
Short Blades   | |  1.1
Dodging        | |  3.0
Stealth        | |  4.4
Hexes          | |  3.9

Action                   || total
-------------------------++-------
Melee: Dagger            ||    49
 Cast: Corona            ||     7
  Use: Scroll            ||     1
 Stab: Sleeping          ||     3
Armor: Robe              ||     7
Dodge: Dodged            ||    28

Table legend:
 A = Spawn XP
 B = Non-spawn XP
 C = Spawn XP percentage of total XP
 D = Spawn monster count
 E = Non-spawn monster count
 F = Spawn count percentage of total count
 G = Total turns spent on level
                    A         B        C        D         E        F      G
               +---------+---------+-------+---------+---------+-------+---------
         Total |       0 |      10 |   0.0 |       0 |       6 |   0.0 |   618
               +---------+---------+-------+---------+---------+-------+---------
           D:1 |       0 |      10 |   0.0 |       0 |       6 |   0.0 |   618
               +---------+---------+-------+---------+---------+-------+---------
